 Dungeon Crawl Stone Soup version 0.28.0-49-g6dfe1f597d (webtiles) character file.

Game seed: 14233237174064457506

816 firemarshallily the Chiller (level 7, -5/46 HPs)
             Began as a Merfolk Ice Elementalist on May 17, 2022.
             Was an Elder of Lugonu.
             Slain by an orc warrior
             ... wielding a +0 halberd
              (17 damage)
             ... on level 5 of the Dungeon.
             The game lasted 00:46:49 (6498 turns).

firemarshallily the Chiller (MfIE)                  Turns: 6498, Time: 00:46:50

Health: -5/46      AC:  4    Str:  8    XL:     7   Next: 94%
Magic:  11/15      EV: 12    Int: 24    God:    Lugonu [****..]
Gold:   106        SH:  4    Dex: 15    Spells: 5/17 levels left

rFire   . . .      SeeInvis .   k - +0 spear
rCold   + . .      Faith    .   y - +1 buckler "Bifoakuzi" {Drain rN+ Regen+ Int+8}
rNeg    + . .      Spirit   .   A - +1 robe {rC+}
rPois   .          Reflect  .   n - +0 helmet
rElec   .          Harm     .   (no cloak)
rCorr   .          Rampage  .   (no gloves)
Will    .....                   (no boots)
Stlth   ++........              m - amulet of magic regeneration
HPRegen 0.95/turn               (no ring)
MPRegen 0.54/turn               (no ring)

@: very slightly contaminated
A: (nimble swimmer 2), mertail
a: Renounce Religion, Depart the Abyss, Bend Space, Banish, Corrupt


You were on level 5 of the Dungeon.
You worshipped Lugonu.
Lugonu was greatly pleased with you.
You visited 1 branch of the dungeon, and saw 5 of its levels.
You also visited: Sewer.

You collected 106 gold pieces.

Inventory:

Hand Weapons
 k - a +0 spear (weapon)
 o - a +0 trident
Missiles
 f - 4 javelins
 i - 99 stones
 t - 32 poisoned darts
 z - 3 boomerangs
Armour
 n - a +0 helmet (worn)
 x - a +0 leather armour
 y - the +1 buckler "Bifoakuzi" (worn) {Drain rN+ Regen+ Int+8}
   (You found it on level 4 of the Dungeon)

   Int:       It affects your intelligence (+8).
   rN:        It protects you from negative energy.
   Regen:     It increases your rate of health regeneration.
   Drain:     It drains your maximum health when unequipped.
 A - a +1 robe of cold resistance (worn)
Magical Staves
 e - a staff of earth
Jewellery
 m - an amulet of magic regeneration (around neck)
Wands
 c - a wand of charming (8)
Scrolls
 b - 2 scrolls of enchant weapon {unknown}
 d - a scroll of torment {unknown}
 h - 2 scrolls of enchant armour {unknown}
 j - 3 scrolls of identify {unknown}
 l - 2 scrolls of fog {unknown}
 p - 2 scrolls of teleportation {unknown}
 w - 2 scrolls of fear {unknown}
Potions
 g - a potion of degeneration {unknown}
 q - a potion of resistance {unknown}
 r - a potion of haste {unknown}
 s - 2 potions of brilliance {unknown}
 u - 2 potions of mutation {unknown}
 v - 3 potions of magic {unknown}


   Skills:
 - Level 1.6 Staves
 - Level 3.0 Dodging
 - Level 2.1 Stealth
 * Level 5.6 Spellcasting
 * Level 7.7 Ice Magic


You had 5 spell levels left.
You knew the following spells:

 Your Spells              Type           Power      Damage    Failure   Level
a - Freeze                Ice            100%       1d11      1%          1
b - Frozen Ramparts       Ice            86%        1d10      1%          3
c - Ozocubu's Armour      Ice            43%        N/A       1%          3
d - Hailstorm             Conj/Ice       25%        3d7       22%         4
e - Slow                  Hex            24%        N/A       12%         1

Your spell library contained the following spells:

 Spells                   Type           Power      Damage    Failure   Level


Dungeon Overview and Level Annotations

Branches:
Dungeon (5/15)              Sewer (visited)
 Temple: D:4-7

Altars:
Gozag
Lugonu


Innate Abilities, Weirdness & Mutations

((You are very nimble when in or above water. (Stealth+, EV+, Speed+++)))
Your lower body shifts to a powerful aquatic tail in water.


Message History

The magic dart hits you.
Casting: Hailstorm (quite dangerous; 22% risk of failure)
Confirm with . or Enter, or press ? or * to list all spells.
You can't see any susceptible monsters within range! (Use Z to cast anyway.)
The phantom hits you.
Casting: Hailstorm (quite dangerous; 22% risk of failure)
Confirm with . or Enter, or press ? or * to list all spells.
The spell is quite dangerous to miscast (22% risk of failure)!
Continue anyway?
Casting: Hailstorm (quite dangerous; 22% risk of failure)
Press: ? - help, Dir - look around, f - activate A cannonade of hail descends around you!
The hail pelts the phantom.
The phantom partially resists.
The phantom is almost destroyed.
The phantom completely misses you.
Casting: Hailstorm (quite dangerous; 22% risk of failure)
Confirm with . or Enter, or press ? or * to list all spells.
Casting: Frozen Ramparts (safe; 1% risk of failure)
Press: ? - help, Dir - look around, f - activate The walls around you are covered in ice.
The wall freezes the orc warrior.
The phantom resists.
The wall freezes the phantom.
The phantom hits you.
The phantom blinks!
Unknown command.
Casting: Frozen Ramparts (safe; 1% risk of failure)
Confirm with . or Enter, or press ? or * to list all spells.
The spell is quite dangerous to miscast (22% risk of failure)!
Continue anyway?
Casting: Hailstorm (quite dangerous; 22% risk of failure)
Press: ? - help, Dir - look around, f - activate You miscast Hailstorm.
You are very lightly contaminated with residual magic.
Sparks fly from your hands!
The wall freezes the orc warrior.
The orc warrior hits you from afar with a +0 halberd!
* * * LOW HITPOINT WARNING * * *
The wall freezes something!
Your frozen ramparts will break if you move.
Continue?
Okay, then.
Your frozen ramparts will break if you move.
Continue?
The frozen ramparts melt away as you move.
There is a stone staircase leading up here.
The orc warrior hits you from afar with a +0 halberd!
You die...

# # # ##
.###############
....o.....W..{.#
.#############.#
...# #o#####.#
##.# #..@....#
#.# #..........
#.###
#.####...##
#...###### #.#
.... ##........#
#)# .##
...#.####.# #.#
# ####.# #.# #
#.# #.# ####.#


You could see an orc warrior.

Vanquished Creatures
  A necrophage (D:4)
  3 kobold brigands (Sewer)
  A scorpion (D:4)
  A water moccasin zombie (D:4)
  A howler monkey (D:5)
  A jelly (D:3)
  An iguana (D:3)
  Natasha (twice) (D:2)
  An orc wizard (D:3)
  A killer bee zombie (D:5)
  3 gnolls
  3 adders
  5 worms
  2 dart slugs
  16 orcs
  11 ball pythons
  7 bats
  7 endoplasms
  12 giant cockroaches
  7 goblins
  6 hobgoblins
  5 jackals (D:1)
  6 quokkas
  4 frilled lizards
  26 kobolds
  10 rats
143 creatures vanquished.

Vanquished Creatures (others)
  3 fungi
  3 plants
6 creatures vanquished.

Grand Total: 149 creatures vanquished

Notes
Turn   | Place    | Note
-------+----------+-------------------------------------------
     0 | D:1      | firemarshallily the Merfolk Ice Elementalist began the
                  | quest for the Orb.
     0 | D:1      | Reached XP level 1. HP: 13/13 MP: 3/3
    47 | D:1      | Found a faded altar of an unknown god.
   184 | D:1      | Got Plato's Almanac of Glamour
   185 | D:1      | Prayed at the altar of an unknown god.
   185 | D:1      | Became a worshipper of Lugonu the Unformed
   185 | D:1      | Reached * piety under Lugonu
   185 | D:1      | Reached ** piety under Lugonu
   300 | D:1      | Reached XP level 2. HP: 19/19 MP: 5/5
   638 | D:1      | Reached XP level 3. HP: 18/24 MP: 4/6
  1633 | D:2      | Noticed Natasha
  1740 | D:1      | Learned a level 3 spell: Frozen Ramparts
  1744 | D:1      | Learned a level 3 spell: Ozocubu's Armour
  1752 | D:1      | Reached skill level 5 in Ice Magic
  2039 | D:2      | Found an opulent altar of Gozag.
  2094 | D:2      | Reached XP level 4. HP: 30/30 MP: 1/8
  2125 | D:2      | Reached skill level 1 in Staves
  2471 | D:2      | Reached *** piety under Lugonu
  2616 | D:2      | Killed Natasha
  2772 | D:2      | Reached XP level 5. HP: 35/35 MP: 9/9
  2843 | D:2      | Noticed Natasha
  2847 | D:2      | Killed Natasha
  3575 | D:3      | Reached XP level 6. HP: 41/41 MP: 7/11
  3652 | D:3      | Reached skill level 6 in Ice Magic
  4814 | D:4      | Found a glowing drain.
  4818 | Sewer    | Entered a sewer
  4824 | Sewer    | Learned a level 4 spell: Hailstorm
  4826 | Sewer    | Learned a level 1 spell: Slow
  4862 | Sewer    | Reached XP level 7. HP: 38/46 MP: 6/14
  5030 | Sewer    | Reached **** piety under Lugonu
  5214 | Sewer    | Reached skill level 5 in Spellcasting
  5214 | Sewer    | Reached skill level 7 in Ice Magic
  5754 | D:4      | Identified the +1 buckler "Bifoakuzi" {Drain rN+ Regen+
                  | Int+8}
  6320 | D:5      | Entered Level 5 of the Dungeon
  6498 | D:5      | Slain by an orc warrior

Illustrated notes

Levels and vault maps discovered:
D:1:      dpeg_arrival_tiny_a, layout_basic, shapermc_ecumenical_altar_rom_forum
D:2:      layout_basic, basic_altar, uniq_natasha
D:3:      layout_rooms, kennysheep_cross_room, wad_rectangle_vault
D:4:      layout_basic, gup_sewer_entry_bowl
D:5:      layout_loops_ring, ebering_ghost_sewer_d

Skill      XL: |  1  2  3  4  5  6  7 |
---------------+----------------------+-----
Dodging        | 3 |  3.0
Ice Magic      | 5 6 7 |  7.7
Spellcasting   | 3 4 5 |  5.6
Staves         | 1 |  1.6
Stealth        | |  2.1

Action                   |  1- 3 |  4- 6 |  7- 9 || total
-------------------------+-------+-------+-------++-------
Melee: Staff             |    51 |       |       ||    51
       Punch             |     1 |       |     1 ||     2
       Spear             |       |   123 |    80 ||   203
 Cast: Freeze            |    40 |    38 |    22 ||   100
       Ozocubu's Armour  |     2 |    12 |    11 ||    25
       Frozen Ramparts   |     1 |    33 |    19 ||    53
       Hailstorm         |       |       |     3 ||     3
       Slow              |       |       |     1 ||     1
  Use: Potion            |       |     2 |       ||     2
 Stab: Sleeping          |     8 |     2 |       ||    10
Armor: Robe              |    12 |    24 |    36 ||    72
       Skin              |       |     2 |       ||     2
Dodge: Dodged            |    53 |    61 |    53 ||   167
Block: Buckler           |       |       |    13 ||    13
